[Event "Late-Titled-Tuesday-Blitz-March-19-2024"]
[Site "Chess.com"]
[Date "2024.03.19"]
[Round "6"]
[White "Vladimir_Zakhartsov"]
[Black "ChristopherYoo"]
[Result "1/2-1/2"]
[WhiteElo "2995"]
[BlackElo "2958"]
[TimeControl "180+1"]
[EndTime "15:07:52 PDT"]
[Termination "Game drawn by agreement"]

1. d4 Nf6 2. c4 e6 3. Nf3 d5 4.
g3 Bb4+ 5. Bd2 Be7 6. Bg2 O-O 7. O-O Nbd7 8. Qc2 c6 9. b4 b6 10. a4 Bb7 11. a5 bxa5 12. Rxa5 Ne4 13. Be1 f5 14. c5 a6 15. Nc3 Bf6 16. e3 Qe8 17. Nd2 Nxd2 18. Bxd2 e5 19. Nxd5 cxd5 20. c6 Rc8 21. Bxd5+ Kh8 22. cxd7 Qxd7 23. Qa2 exd4 24. Bxb7 Qxb7 25. Rxf5 Qe4 26. Rc5 dxe3 27. Bxe3 Qxb4 28. Rxc8 Rxc8 29. Qxa6 Re8 30. Qc6 Qe4 31. Qxe4 Rxe4 32. Rc1 h6 33. h4 Kh7 34. Kg2 Ra4 35. Kf3 Bd4 36. Rd1 Bxe3 37. fxe3 Kg6 38. Rd4 Ra1 39.
Rf4 Kh5 40. Rf5+ g5 41. hxg5 hxg5 42. e4 Ra3+ 43. Kg2 Kg4 44. Rf2 Rxg3+ 45. Kf1 Re3 46. Re2 Rf3+ 47. Kg2 Rg3+ 48. Kf2 Rh3 49. Kg2 Rg3+ 50.
Kf2 Rf3+ 51. Kg2 Rf6 52. Re3 Re6 53. Re2 Kf4 54. Rf2+ Kg4 55. Re2 Re5 56. Re1 Kf4 57. Rf1+ Kg4 58. Re1 Re8 59. Re2 Re7 60. Re1 Ra7 61. Re2 Kf4 62. e5 Re7 63. e6 g4 64.
Re1 g3 65. Re2 Kg4 66. Re4+ Kf5 67. Re2 Kf4 68. Re1 Kg4 69. Re3 Kf5 70. Kxg3 Rg7+ 71. Kf3 Kf6 72. Kf4 Ke7 73. Kf5 Rh7 74. Kg6 Rh1 75.
Kf5 Rf1+ 76. Ke5 Ra1 77. Re4 Ra5+ 78. Kf4 Rb5 79. Kf3 Rb3+ 80. Kf4 Rb6 81. Kf5 Rb5+ 82. Re5 Rb1 83. Ra5 Rf1+ 84. Ke5 Re1+ 85. Kf5 Rf1+ 86. Ke5 Re1+ 87. Kd5 Kf6 88. Kd6 Rxe6+ 89. Kd7 Re7+ 90. Kd8 Re1 91. Ra6+ Kf7 92. Ra7+ Kf8 93. Rd7 Ra1 94.
Kc7 Ke8 95. Rd8+ Ke7 96. Rd7+ Ke6 97. Rd6+ Ke5 98. Rc6 Rd1 99. Kb6 Ra1 100. Rc5+ Kd4 1/2-1/2

[Event "Late-Titled-Tuesday-Blitz-March-19-2024"]
[Site "Chess.com"]
[Date "2024.03.19"]
[Round "6"]
[White "Yeritsyaan"]
[Black "Legendinunknown"]
[Result "1-0"]
[WhiteElo "2684"]
[BlackElo "2819"]
[TimeControl "180+1"]
[EndTime "15:08:03 PDT"]
[Termination "Yeritsyaan won by resignation"]

1. e4 e5 2. Nf3 Nc6 3. d4 exd4 4. Nxd4 Nf6 5. Nc3 Bb4 6. Nxc6 bxc6 7. Bd3 O-O 8. O-O d5 9. Bd2 Rb8 10. h3 h6 11. Re1 Be6 12. exd5 cxd5 13. Qf3 Be7 14. b3 c6 15. Rad1 Nd7 16. Bf4 Rb4 17. a3 Rb7 18. Na4 Bxa3 19. Ba6 Rb8 20. Bxb8 Qxb8 21. Bd3 Ne5 22. Qe3 Nxd3 23. Qxd3 Bd6 24. Qd4 Bc8 25. Nc5 Qb6 26. b4 a5 27. c3 axb4 28. cxb4 Bf5 29. Ne6 Qxd4 30. Nxd4 Bd7 31. Rb1 Rb8 32. Rec1 Rb6 33. Rb3 Kf8 34. h4 h5 35. g3 Ke7 36. Rbc3 Bxb4 37. Nxc6+ Kd6 38. Nxb4 Rxb4 39.
Rf3 Be6 40. Ra3 Rb6 41. Rd1 Bf5 42. f3 Rb2 43. Ra5 Be6 44. Ra3 g6 45. Rad3 Kc5 46.
R3d2 Rb3 47. Kf2 Rb4 48. Rc1+ Kd6 49. Rcd1 Ke5 50. Ke3 Kd6 51. Rd4 Rb3+ 52. Kf4 f6 53.
R1d3 Rb2 54. Rd2 Rb3 55. R2d3 Rb6 56. g4 Rb1 57. g5 fxg5+ 58. Kxg5 Rg1+ 59. Kf6 Rg2 60. Re3 Bf5 61. Re5 Kc5 62. Rdxd5+ Kc6 63. Rd1 Rg3 64. Re3 Rg2 65. Rc3+ Kb5 66. Rd8 Kb4 67. Rc7 Kb5 68. Rb8+ Ka6 69. Rc1 Ka7 70. Rb3 Ra2 71. Rcc3 Ra6+ 72. Kg5 Rd6 73. Rb4 Ra6 74. Rc7+ Ka8 75.
Rc1 Ka7 76. Rf4 Ra5 77. Re1 Kb6 78. Kh6 Kc6 79. Rd4 Rc5 80. Rd2 Rc3 81. f4 Rc4 82.
Rf2 Kd6 83. Kg5 Rd4 84. Re5 Rd5 85. Rxd5+ Kxd5 86. Re2 Bb1 87. Re5+ Kd6 88. Re3 Bf5 89. Rc3 Kd5 90. Re3 Kd6 91. Re8 Bb1 92. Rg8 Ke6 93. Rxg6+ Kf7 94. Rh6 Bc2 95. Rxh5 1-0

[Event "Late-Titled-Tuesday-Blitz-March-19-2024"]
[Site "Chess.com"]
[Date "2024.03.19"]
[Round "6"]
[White "Heydarli77"]
[Black "AradNazari"]
[Result "0-1"]
[WhiteElo "2386"]
[BlackElo "2764"]
[TimeControl "180+1"]
[EndTime "15:08:21 PDT"]
[Termination "AradNazari won on time"]

1. d4 Nf6 2. Nf3 g6 3. b3 Bg7 4.
Bb2 d5 5. g3 O-O 6. Bg2 c6 7.
O-O a5 8. a4 Bf5 9. Nbd2 Ne4 10.
Nxe4 Bxe4 11. Qd2 Nd7 12. Ne5 Bxg2 13. Kxg2 Nxe5 14. dxe5 Qc7 15. f4 Rfd8 16. e3 e6 17.
h4 h5 18. Rfd1 Bf8 19. Qd3 c5 20. Qb5 Qc6 21. c4 Rd7 22. cxd5 Rxd5 23. Qxc6 bxc6 24. e4 Rxd1 25. Rxd1 Rb8 26. Bc3 Rxb3 27. Bxa5 Ra3 28. Bc7 Rxa4 29. Rd8 Kg7 30. Rc8 c4 31. Bd8 Kh7 32.
Rxc6 Ra2+ 33. Kf3 Rc2 34. Rc8 Rc1 35. Ba5 Kg7 36. Bd8 Kh7 37. Bf6 Bg7 38. Ke2 c3 39. Rc7 Kg8 40. Rc8+ Kh7 41. Kd3 Rd1+ 42. Kc2 Rd2+ 43. Kxc3 Rg2 44. Kd4 Rxg3 45. Rc7 Kg8 46.
Ra7 Rg4 47. Ke3 Rg3+ 48. Kf2 Rd3 49. Bg5 Rd4 50. Ke3 Rc4 51. Rd7 Rc8 52. Rd8+ Rxd8 53. Bxd8 Kf8 54. Bf6 Bh6 55. Bg5 Bg7 56. Kd4 Ke8 57.
Bf6 Bf8 58. Ke3 Kd7 59. Kd4 Kc6 60. Kc4 Bc5 61. Bg5 Bf2 62. Bf6 Bg3 63. Bg5 Kb6 64.
Kb4 Be1+ 65. Kc4 Kc6 66. Bf6 Bf2 67. Bg5 Bg3 68. Kb4 Kb6 69. Bd8+ Ka6 70. Bg5 Bf2 71. Bd8 Kb7 72. Kb5 Kc8 73. Bg5 Kb7 74. Bf6 Bg1 75. Bg5 Be3 76. Kb4 Ka6 77. Kc4 Ka5 78.
Kd3 Bf2 79. Ke2 Bg3 80. Kf3 Be1 81. f5 Kb5 82. fxg6 fxg6 83. Be7 Kc4 84. Kf4 Bd2+ 85. Kf3 Kd4 86. Bd6 Be1 87. Be7 Kxe5 88. Bg5 Kd4 89. Bf6+ Kd3 90. Be7 Bc3 91. Kf4 Bd2+ 92. Ke5 Be3 93.
Kxe6 Kxe4 94. Kf7 Kf5 95. Bd8 Bf4 96. Kg7 Be5+ 97. Kh6 Bf6 0-1

[Event "Late-Titled-Tuesday-Blitz-March-19-2024"]
[Site "Chess.com"]
[Date "2024.03.19"]
[Round "6"]
[White "I-Mesquita"]
[Black "Slovak_fighter2000"]
[Result "1/2-1/2"]
[WhiteElo "2710"]
[BlackElo "2586"]
[TimeControl "180+1"]
[EndTime "15:08:38 PDT"]
[Termination "Game drawn by 50-move rule"]

1. e4 c5 2. Nf3 d6 3. c3 Nf6 4.
h3 Bd7 5. Bd3 Nc6 6. Bc2 e5 7.
O-O Be7 8. d4 O-O 9. d5 Nb8 10.
a4 Na6 11. Be3 Re8 12. Nbd2 Bf8 13. Bd3 Nc7 14. b4 b6 15. Re1 g6 16. Bf1 Nh5 17. g3 Bg7 18. Nc4 Qe7 19. Nfd2 f5 20. exf5 Nxd5 21.
fxg6 hxg6 22. Ne4 Be6 23. Ncxd6 Nxe3 24. Rxe3 Red8 25. Rd3 c4 26. Rd2 Nf6 27. Nxf6+ Bxf6 28. Bxc4 Rxd6 29. Rxd6 Bxc4 30. Rd7 Qf8 31. Qg4 Bf7 32.
Rad1 Re8 33. R7d6 Kg7 34. a5 bxa5 35. bxa5 Qe7 36. a6 e4 37. Rd7 Qe5 38. Qe2 e3 39.
Qxe3 Qxe3 40. fxe3 Rxe3 41. Rxa7 Rxg3+ 42. Kf2 Rxc3 43. Rdd7 Kh6 44. Rxf7 Bd4+ 45. Kg2 Bxa7 46. Rxa7 Ra3 47. Ra8 Kg7 48. h4 Kh7 49. Kf2 Kg7 50. Ke2 Kh7 51. Kd2 Ra4 52. Ra7+ Kh6 53. Ra8 Kg7 54.
Ke3 Rxh4 55. Ra7+ Kh6 56. Rb7 Ra4 57. a7 Kg5 58. Rb5+ Kg4 59. Rb4+ Rxb4 60. a8=Q Rf4 61.
Qc8+ Rf5 62. Qc4+ Kg5 63. Qd4 Kh5 64. Qh8+ Kg5 65. Ke4 Rf4+ 66. Ke3 Rf5 67. Qg7 Kh5 68. Qh7+ Kg5 69. Qh3 Kf6 70. Ke4 Kf7 71. Qh7+ Kf6 72. Qh8+ Kf7 73. Qc3 Kg8 74. Qc7 Rh5 75. Kf4 Rf5+ 76.
Kg4 Rh5 77. Qc8+ Kg7 78. Qd7+ Kg8 79. Qe8+ Kg7 80. Qe7+ Kh6 81. Qf6 Kh7 82. Qf7+ Kh6 83. Qg8 Rg5+ 84. Kf4 Rf5+ 85. Kg4 Rg5+ 86. Kf3 Rf5+ 87.
Ke4 Kg5 88. Qd8+ Kh6 89. Qh4+ Kg7 90. Qe7+ Kh6 91. Qd8 Kg7 92. Qc7+ Kh6 93. Qe7 Kh5 94. Qh7+ Kg5 95. Qg7 Kh5 96. Ke3 Kg5 97. Kd4 Kh5 98.
Qh7+ Kg5 99. Qh2 Kf6 100. Ke4 Kg5 101. Qd2+ Kf6 102. Qd8+ Kg7 103. Qe7+ Kh6 104. Qe8 Kg7 105. Ke3 Kh6 106. Ke2 Kg7 107. Qd7+ Kf6 108. Ke3 Kg5 109. Qc7 Kf6 110. Qd6+ 1/2-1/2

[Event "Late-Titled-Tuesday-Blitz-March-19-2024"]
[Site "Chess.com"]
[Date "2024.03.19"]
[Round "7"]
[White "stollenmonster"]
[Black "Dhaydon19"]
[Result "1-0"]
[WhiteElo "2889"]
[BlackElo "2664"]
[TimeControl "180+1"]
[EndTime "15:10:53 PDT"]
[Termination "stollenmonster won by resignation"]

1. e4 c6 2. d4 d5 3. e5 Bf5 4. Ne2 e6 5. Ng3 Bg6 6. h4 h6 7.
h5 Bh7 8. Bd3 Bxd3 9. cxd3 Qb6 10.
Be3 c5 11. dxc5 Bxc5 12. d4 Bb4+ 13. Nc3 Ne7 14. Qg4 Nbc6 15. O-O Rg8 16. Nce2 g5 17. a3 1-0

[Event "Late-Titled-Tuesday-Blitz-March-19-2024"]
[Site "Chess.com"]
[Date "2024.03.19"]
[Round "7"]
[White "santosalberto1987"]
[Black "Piriflillo"]
[Result "0-1"]
[WhiteElo "2536"]
[BlackElo "2380"]
[TimeControl "180+1"]
[EndTime "15:11:08 PDT"]
[Termination "Piriflillo won by resignation"]

1. f3 e5 2. g3 f5 3. Bg2 Nf6 4. Nh3 d5 5. Nf2 Bd6 6. b3 O-O 7. Bb2 c5 8. O-O Nc6 9. e4 dxe4 10. fxe4 f4 11. gxf4 exf4 12. Nc3 Nd4 13. Nd5 Nxd5 14. exd5 f3 15. Bh3 Qg5+ 16. Kh1 Bxh3 0-1

[Event "Late-Titled-Tuesday-Blitz-March-19-2024"]
[Site "Chess.com"]
[Date "2024.03.19"]
[Round "7"]
[White "Mikasinski"]
[Black "Sandstad"]
[Result "1-0"]
[WhiteElo "2644"]
[BlackElo "2501"]
[TimeControl "180+1"]
[EndTime "15:11:56 PDT"]
[Termination "Mikasinski won by resignation"]

1. e4 e5 2. Nf3 Nc6 3. Nc3 Nf6 4.
Bb5 Nd4 5. Nxd4 exd4 6. e5 dxc3 7. exf6 Qxf6 8. dxc3 Qe5+ 9. Be2 Bc5 10. O-O O-O 11.
Bf3 Qf6 12. Qd5 d6 13. Bg5 Qf5 14. Qxf5 Bxf5 15. b4 Bb6 16. Bxb7 Rab8 17. Bd5 Bxc2 18. Rfe1 Ba4 19. Re7 Rfe8 20. Bxf7+ 1-0

[Event "Late-Titled-Tuesday-Blitz-March-19-2024"]
[Site "Chess.com"]
[Date "2024.03.19"]
[Round "7"]
[White "ArmanGhevondyanchess"]
[Black "tolimachess"]
[Result "1-0"]
[WhiteElo "2596"]
[BlackElo "2460"]
[TimeControl "180+1"]
[EndTime "15:12:09 PDT"]
[Termination "ArmanGhevondyanchess won by checkmate"]

1. Nf3 Nf6 2. g3 g6 3. b3 Bg7 4. Bb2 O-O 5. c4 c5 6. Bg2 d5 7. cxd5 Nxd5 8. Bxg7 Kxg7 9. O-O Nc6 10. Qc1 b6 11. d4 Nxd4 12. Nxd4 cxd4 13. Qc4 Bb7 14. Qxd4+ Kg8 15. Rd1 e6 16. Nc3 Nxc3 17. Qxc3 Qe7 18. Bxb7 Qxb7 19. Qf6 Qe4 20. e3 Rac8 21. Rd7 a5 22.
Rad1 b5 23. h4 a4 24. R7d4 Qc2 25. bxa4 bxa4 26. h5 Rc4 27. h6 Qxd1+ 28. Rxd1 Rd8 29. Qh8+ Kxh8 30. Rxd8# 1-0

[Event "Late-Titled-Tuesday-Blitz-March-19-2024"]
[Site "Chess.com"]
[Date "2024.03.19"]
[Round "7"]
[White "Likvidator228"]
[Black "FREZZY23"]
[Result "1-0"]
[WhiteElo "2561"]
[BlackElo "2374"]
[TimeControl "180+1"]
[EndTime "15:12:25 PDT"]
[Termination "Likvidator228 won by resignation"]

1. d4 Nf6 2. Nf3 g6 3. Bf4 Bg7 4. e3 O-O 5. Nbd2 d6 6. h3 c5 7.
c3 Nc6 8. Bc4 d5 9. Be2 Bf5 10.
dxc5 Nd7 11. Nb3 e5 12. Bg5 Nf6 13. O-O h6 14. Bh4 Be6 15. Bb5 Qc7 16. Bg3 Nd7 17.
Nfd4 a6 18. Nxe6 fxe6 19. Be2 Ne7 20. c4 Nxc5 21. cxd5 Nxb3 22. d6 1-0

[Event "Late-Titled-Tuesday-Blitz-March-19-2024"]
[Site "Chess.com"]
[Date "2024.03.19"]
[Round "7"]
[White "AntonovaNadezhda"]
[Black "OverallStranger"]
[Result "0-1"]
[WhiteElo "2199"]
[BlackElo "2386"]
[TimeControl "180+1"]
[EndTime "15:12:37 PDT"]
[Termination "OverallStranger won by resignation"]

1. Nf3 d5 2. b3 c5 3. e3 Nc6 4. Bb5 Qb6 5. Qe2 a6 6. Bxc6+ Qxc6 7. Bb2 f6 8. d4 Bg4 9. O-O e6 10. h3 Bxf3 11. gxf3 cxd4 12. exd4 Kf7 13. c4 Nh6 14. cxd5 Qxd5 15. Nc3 Qg5+ 16. Kh2 Qf4+ 17. Kh1 Bd6 0-1

[Event "Late-Titled-Tuesday-Blitz-March-19-2024"]
[Site "Chess.com"]
[Date "2024.03.19"]
[Round "7"]
[White "andrzej"]
[Black "Chempiblinka"]
[Result "1-0"]
[WhiteElo "2512"]
[BlackElo "2350"]
[TimeControl "180+1"]
[EndTime "15:12:41 PDT"]
[Termination "andrzej won by resignation"]

1. e4 c5 2. Nf3 Nc6 3. d4 cxd4 4.
Nxd4 g6 5. c4 Nf6 6. Nc3 Nxd4 7.
Qxd4 d6 8. Bg5 Bg7 9. Qd2 O-O 10. Bd3 a5 11. O-O a4 12. Rab1 Qa5 13. Nd5 Nxd5 14. Qxa5 Rxa5 15. exd5 Re8 16. b4 axb3 17. axb3 Ra2 18.
Rfe1 Kf8 19. Re2 Be5 20. Rxa2 f5 21. Ra8 Kf7 22. Bc1 Bd4 23. Bb2 Bc5 24. Bc3 1-0

[Event "Late-Titled-Tuesday-Blitz-March-19-2024"]
[Site "Chess.com"]
[Date "2024.03.19"]
[Round "7"]
[White "PapaieDudu"]
[Black "kriscacco"]
[Result "1-0"]
[WhiteElo "2468"]
[BlackElo "2113"]
[TimeControl "180+1"]
[EndTime "15:12:44 PDT"]
[Termination "PapaieDudu won by checkmate"]

1. Nf3 g6 2. d4 Bg7 3. c4 c5 4.
e3 Nf6 5. Nc3 cxd4 6. exd4 d5 7.
h3 Nc6 8. Bd3 dxc4 9. Bxc4 O-O 10. O-O a6 11. a4 b6 12. Be3 Bb7 13. Qe2 Re8 14. Rfd1 Qc7 15. Rac1 e6 16. Ba2 Rad8 17. d5 exd5 18. Nxd5 Nxd5 19. Bxd5 Qd6 20. Bxf7+ Kxf7 21. Rxd6 Rxd6 22. Ng5+ Kg8 23. Qc4+ Kh8 24. Nf7+ Kg8 25. Nh6+ Kh8 26. Qg8+ Rxg8 27. Nf7# 1-0

[Event "Late-Titled-Tuesday-Blitz-March-19-2024"]
[Site "Chess.com"]
[Date "2024.03.19"]
[Round "7"]
[White "expii"]
[Black "ploxoi"]
[Result "1/2-1/2"]
[WhiteElo "2198"]
[BlackElo "2408"]
[TimeControl "180+1"]
[EndTime "15:12:46 PDT"]
[Termination "Game drawn by repetition"]

1. e4 c6 2. d4 d5 3. f3 dxe4 4.
fxe4 e5 5. Nf3 exd4 6. Bc4 Bc5 7. O-O Nf6 8. Ng5 O-O 9. e5 Nd5 10. Qh5 h6 11. Nxf7 Qe7 12. Nxh6+ gxh6 13. Qg6+ Kh8 14. Qxh6+ Kg8 15. Qg6+ Kh8 16. Qh6+ Kg8 17. Qg6+ Kh8 18. Qh6+ 1/2-1/2

[Event "Late-Titled-Tuesday-Blitz-March-19-2024"]
[Site "Chess.com"]
[Date "2024.03.19"]
[Round "7"]
[White "Airquake"]
[Black "Tugrik1969"]
[Result "1-0"]
[WhiteElo "2639"]
[BlackElo "2389"]
[TimeControl "180+1"]
[EndTime "15:12:55 PDT"]
[Termination "Airquake won by resignation"]

1. f3 e5 2. Kf2 d5 3. g3 Nc6 4. Kg2 h5 5. h4 Nf6 6. d3 Bc5 7. Bg5 Be6 8. Nd2 Qd7 9. Nb3 Bb6 10. e4 O-O-O 11. Qe1 Rde8 12. Rd1 Nh7 13. Bc1 f5 14. exd5 Bxd5 15. c4 Bf7 16. Nh3 e4 17.
dxe4 fxe4 18. f4 Qg4 19. Be2 Qe6 20. c5 Nf6 21. cxb6 axb6 22. Ng5 Qe7 23. Qc3 Bd5 24.
Rhe1 1-0

[Event "Late-Titled-Tuesday-Blitz-March-19-2024"]
[Site "Chess.com"]
[Date "2024.03.19"]
[Round "7"]
[White "GlavkonVVS"]
[Black "EsmeraldasAnderson03"]
[Result "0-1"]
[WhiteElo "2669"]
[BlackElo "2569"]
[TimeControl "180+1"]
[EndTime "15:13:14 PDT"]
[Termination "EsmeraldasAnderson03 won by resignation"]

1. c4 e5 2. Nc3 Nc6 3. g3 f5 4. Bg2 Nf6 5. d3 Bb4 6. Bd2 Bxc3 7. Bxc3 d6 8. Nf3 O-O 9. O-O Qe8 10. b4 Qh5 11. b5 Ne7 12. c5 f4 13. cxd6 cxd6 14. Qb3+ Kh8 15. Bb4 Nf5 16. Nxe5 dxe5 17.
Bxf8 fxg3 18. fxg3 Ng4 19. h3 Nxg3 20. hxg4 Bxg4 21.
Qf7 Nxe2+ 22. Kf2 Qxf7+ 23. Ke3 Qg6 24. Be7 Re8 25. Rae1 Nf4 26. Be4 Qb6+ 0-1

[Event "Late-Titled-Tuesday-Blitz-March-19-2024"]
[Site "Chess.com"]
[Date "2024.03.19"]
[Round "7"]
[White "Muracle"]
[Black "Inepton_Fermion"]
[Result "1-0"]
[WhiteElo "2600"]
[BlackElo "2467"]
[TimeControl "180+1"]
[EndTime "15:13:15 PDT"]
[Termination "Muracle won by resignation"]

1. d4 Nf6 2. Nf3 e6 3. g3 b6 4.
Bg2 Bb7 5. O-O c5 6. c3 Be7 7.
Nbd2 d5 8. a4 O-O 9. Ne5 Nc6 10.
Ndf3 Qc7 11. Nxc6 Bxc6 12. Bf4 Bd6 13. Ne5 Bb7 14. a5 bxa5 15. Qa4 Nh5 16. Qxa5 Nxf4 17. gxf4 Qxa5 18. Rxa5 cxd4 19. cxd4 f6 20. Nd7 Rfc8 21.
Nc5 Bxc5 22. dxc5 Bc6 23. Rfa1 Rcb8 24. Ra6 Be8 25. Rxe6 Bf7 26. Re7 Rxb2 27. Rxf7 1-0

[Event "Late-Titled-Tuesday-Blitz-March-19-2024"]
[Site "Chess.com"]
[Date "2024.03.19"]
[Round "7"]
[White "Piotrek1979"]
[Black "HanSchut"]
[Result "1-0"]
[WhiteElo "2487"]
[BlackElo "2317"]
[TimeControl "180+1"]
[EndTime "15:13:24 PDT"]
[Termination "Piotrek1979 won by resignation"]

1. c4 Nf6 2. Nf3 g6 3. b3 Bg7 4.
Bb2 O-O 5. e3 d5 6. cxd5 Nxd5 7.
Bxg7 Kxg7 8. Qc1 f6 9. a3 e5 10. b4 Be6 11. Be2 Qd7 12. Qb2 Nc6 13. d3 Rfc8 14.
Nbd2 a6 15. Ne4 b6 16. h4 h5 17. Rc1 Bf5 18. Nfd2 Nce7 19. g3 Bg4 20. Nf3 Nf5 21.
Nxe5 fxe5 22. Qxe5+ Kg8 23. Qxd5+ Qxd5 24. Nf6+ Kf7 25.
Nxd5 Bxe2 26. Kxe2 c5 27. Nxb6 1-0

[Event "Late-Titled-Tuesday-Blitz-March-19-2024"]
[Site "Chess.com"]
[Date "2024.03.19"]
[Round "7"]
[White "Smiechu"]
[Black "lluiss"]
[Result "1-0"]
[WhiteElo "2430"]
[BlackElo "2262"]
[TimeControl "180+1"]
[EndTime "15:13:37 PDT"]
[Termination "Smiechu won by resignation"]

1. e4 c5 2. Nf3 d6 3. d4 cxd4 4. Nxd4 Nf6 5. Nc3 g6 6. Be3 Bg7 7. f3 O-O 8. Qd2 Nc6 9. Bc4 Bd7 10. h4 Ne5 11. Bb3 h5 12. O-O-O Rc8 13. Bg5 Re8 14. g4 Qa5 15. Bxf6 Bxf6 16. gxh5 gxh5 17. Qh6 Bg7 18. Rhg1 Ng4 19. Qd2 Bh6 20. Qxh6 1-0

[Event "Late-Titled-Tuesday-Blitz-March-19-2024"]
[Site "Chess.com"]
[Date "2024.03.19"]
[Round "7"]
[White "zverr1"]
[Black "diamonds13"]
[Result "1-0"]
[WhiteElo "2540"]
[BlackElo "2358"]
[TimeControl "180+1"]
[EndTime "15:13:38 PDT"]
[Termination "zverr1 won by resignation"]

1. e4 c5 2. Nf3 e6 3. e5 Nc6 4. Bb5 Nge7 5. O-O Qc7 6. Re1 a6 7. Bxc6 Nxc6 8. d4 cxd4 9. Bf4 h6 10. Nbd2 g5 11. Bg3 Bg7 12. Nc4 O-O 13. Nxd4 Nxd4 14. Qxd4 d5 15. exd6 Bxd4 16. dxc7 b5 17. Nd6 Bxb2 18.
Rab1 Bc3 19. Red1 e5 20. Ne4 Bd4 21. c3 Bf5 22. Nd6 Bxb1 23. cxd4 Bc2 24. Rc1 exd4 25.
Rxc2 d3 26. Rd2 f5 27. Be5 1-0

[Event "Late-Titled-Tuesday-Blitz-March-19-2024"]
[Site "Chess.com"]
[Date "2024.03.19"]
[Round "7"]
[White "PNEPaul"]
[Black "McCarthyStone"]
[Result "0-1"]
[WhiteElo "1983"]
[BlackElo "2358"]
[TimeControl "180+1"]
[EndTime "15:13:38 PDT"]
[Termination "McCarthyStone won by resignation"]

1. e4 c5 2. Nf3 d6 3. d4 cxd4 4. c3 Nf6 5. Bd3 dxc3 6. Nxc3 e6 7. O-O Be7 8. Qe2 Nc6 9. Bf4 e5 10. Be3 O-O 11. h3 Be6 12. Ng5 d5 13. Nxe6 fxe6 14. exd5 exd5 15. Bg5 e4 16. Bb5 Nd4 17. Qd1 Nxb5 18. Nxb5 Qd7 19. Nd4 Rac8 20. Be3 a6 21. Qb3 Kh8 22. Rad1 Bd6 23. Ne2 Bb8 24. Rfe1 b5 25.
Nf4 Rc4 26. Rd4 Rxd4 27. Bxd4 Bxf4 0-1

[Event "Late-Titled-Tuesday-Blitz-March-19-2024"]
[Site "Chess.com"]
[Date "2024.03.19"]
[Round "7"]
[White "szachmistrz2500"]
[Black "C_K_G"]
[Result "0-1"]
[WhiteElo "2441"]
[BlackElo "2213"]
[TimeControl "180+1"]
[EndTime "15:13:42 PDT"]
[Termination "C_K_G won by resignation"]

1. e4 c5 2. Nf3 d6 3. c3 Nf6 4. h3 Nc6 5. Bd3 e6 6. Bc2 c4 7. b3 b5 8. a4 cxb3 9. Bxb3 b4 10. Qe2 Be7 11. d4 bxc3 12. Nxc3 O-O 13. Be3 Qa5 14. Rc1 d5 15. Qb5 dxe4 16. Qxc6 exf3 17.
O-O fxg2 18. Qxg2 Rb8 19. Bc2 Bb7 20. Qg3 Kh8 21. Kh2 Qxc3 22. Rg1 Ne8 23. Bxh7 Qa5 24. Bd3 Qh5 25. Qxb8 Bd6+ 26. Qxd6 Nxd6 27. Bf4 Nf5 28.
Be5 Qf3 29. Bxf5 Qxf2+ 0-1

[Event "Late-Titled-Tuesday-Blitz-March-19-2024"]
[Site "Chess.com"]
[Date "2024.03.19"]
[Round "7"]
[White "xxysoul6"]
[Black "FabianoCaruana"]
[Result "1-0"]
[WhiteElo "2982"]
[BlackElo "3070"]
[TimeControl "180+1"]
[EndTime "15:13:46 PDT"]
[Termination "xxysoul6 won by resignation"]

1. d4 Nf6 2. Nf3 e6 3. c3 b6 4. Bf4 Bb7 5. Nbd2 Nh5 6. Bg5 Be7 7. Bxe7 Qxe7 8. a4 a5 9. g3 O-O 10. Bg2 f5 11. O-O Nf6 12. Qc2 d6 13. Ne1 Bxg2 14.
Nxg2 Nbd7 15. e4 fxe4 16. Nxe4 Nxe4 17. Qxe4 e5 18. Rae1 Qf7 19. Qc6 Rac8 20. Re3 exd4 21. cxd4 Nf6 22. Nf4 Rce8 23. Rfe1 Rxe3 24. Rxe3 Re8 25.
Rxe8+ Nxe8 26. d5 Nf6 27. Ne6 Ng4 28. Qa8+ 1-0

[Event "Late-Titled-Tuesday-Blitz-March-19-2024"]
[Site "Chess.com"]
[Date "2024.03.19"]
[Round "7"]
[White "mightysmasher"]
[Black "NoSpaghettiForYou"]
[Result "1-0"]
[WhiteElo "2594"]
[BlackElo "2437"]
[TimeControl "180+1"]
[EndTime "15:13:54 PDT"]
[Termination "mightysmasher won by resignation"]

1. e4 c5 2. c3 Nf6 3. e5 Nd5 4. d4 cxd4 5. cxd4 e6 6. Nf3 d6 7. Bc4 dxe5 8. dxe5 Bb4+ 9. Bd2 Bxd2+ 10. Qxd2 O-O 11.
O-O Nb6 12. Bb3 Bd7 13. Nc3 Bc6 14. Nd4 Qe7 15. Rad1 Na6 16. Nxc6 bxc6 17. Bc2 Nb4 18. Bb1 Rfd8 19. Qe2 a5 20. a3 N4d5 21. Ne4 Nf4 22. Qf3 Ng6 23. Nd6 Nxe5 24. Bxh7+ Kxh7 25. Qh5+ Kg8 26. Qxe5 Nd5 27. Nc4 a4 28. Rfe1 Rab8 29. h3 Nf6 30.
Nd6 Nd5 31. Ne4 Rxb2 32. Qxb2 1-0

[Event "Late-Titled-Tuesday-Blitz-March-19-2024"]
[Site "Chess.com"]
[Date "2024.03.19"]
[Round "7"]
[White "chessamical"]
[Black "bulletteemo"]
[Result "0-1"]
[WhiteElo "2271"]
[BlackElo "2595"]
[TimeControl "180+1"]
[EndTime "15:13:54 PDT"]
[Termination "bulletteemo won on time"]

1. d4 Nf6 2. Bf4 c5 3. d5 g6 4. Nc3 Bg7 5. e4 d6 6. Qd2 O-O 7. Bh6 b5 8. Bxg7 Kxg7 9. Bxb5 Qb6 10. Bd3 Qxb2 11. Rb1 Qa3 12. Nb5 Qxa2 13. Qc1 Qa5+ 14. Qd2 Qxd2+ 15. Kxd2 Na6 16. f3 Bd7 17. Ne2 Nb4 18.
Na3 e6 19. dxe6 Bxe6 20. Bc4 d5 21. exd5 Rfd8 22. c3 Nbxd5 23. Kc1 Bf5 24. Rb5 Ne3 25. Rxc5 Nxg2 26. Nd4 Bh3 27. Rc7 Rd7 28. Rxd7 Nxd7 29. Rd1 Ne3 0-1

[Event "Late-Titled-Tuesday-Blitz-March-19-2024"]
[Site "Chess.com"]
[Date "2024.03.19"]
[Round "7"]
[White "Slovak_fighter2000"]
[Black "rychessmaster1"]
[Result "0-1"]
[WhiteElo "2581"]
[BlackElo "2752"]
[TimeControl "180+1"]
[EndTime "15:13:57 PDT"]
[Termination "rychessmaster1 won by resignation"]

1. c4 e6 2. Nf3 d5 3. d4 Nf6 4. Nc3 Bb4 5. cxd5 exd5 6. Bg5 h6 7. Bxf6 Qxf6 8. e3 O-O 9. Be2 c6 10. Rc1 Nd7 11. a3 Bd6 12. O-O Re8 13. b4 a5 14. Qb3 axb4 15. axb4 b5 16. Ra1 Bb7 17. Qb2 Nb6 18. Rxa8 Rxa8 19. Rb1 Bc8 20. g3 Bf5 21. Rc1 Qe7 22. Nb1 Nc4 23. Bxc4 bxc4 24. Nc3 Bxb4 25. Ra1 Rxa1+ 26. Qxa1 Qb7 27. Kg2 Bxc3 28.
Qxc3 Be4 29. g4 Qb3 30. Qa5 Qd1 0-1

[Event "Late-Titled-Tuesday-Blitz-March-19-2024"]
[Site "Chess.com"]
[Date "2024.03.19"]
[Round "7"]
[White "nihalsarin"]
[Black "AlexeiShirov"]
[Result "1/2-1/2"]
[WhiteElo "3154"]
[BlackElo "2851"]
[TimeControl "180+1"]
[EndTime "15:13:58 PDT"]
[Termination "Game drawn by agreement"]

1. Nf3 d5 2. g3 Nf6 3. Bg2 Bg4 4. O-O Nbd7 5. d3 e5 6. c4 dxc4 7. dxc4 Be7 8. Nc3 c6 9. h3 Bh5 10. Nh4 O-O 11. g4 Bg6 12. Nxg6 hxg6 13. Qc2 Qc7 14. b3 Nc5 15. Be3 Ne6 16. Rad1 Rfd8 17. Bc1 Nd4 18. Qb2 Bb4 19. Nb1 a5 20. e3 Ne6 21.
Qc2 a4 22. Bb2 axb3 23. axb3 Ra2 24. Nc3 Raa8 25. Ne2 Nc5 26. Nc1 e4 27. g5 Nh7 28.
h4 Qe7 29. Ne2 f5 30. Nf4 Nf8 31. Rxd8 Rxd8 32. Rd1 Nce6 33. Ne2 Rxd1+ 34. Qxd1 Qd6 35. Qxd6 Bxd6 36. f3 exf3 37. Bxf3 Nd7 38. Nd4 Kf7 39.
Bd1 Ne5 40. Bc2 Ng4 41. Nxe6 Kxe6 42. Bd4 Bg3 43. e4 Bxh4 44. exf5+ gxf5 45. Bxg7 Bxg5 46. Bc3 Bf6 47. Bd2 Bd4+ 48. Kg2 Ne3+ 49. Bxe3 Bxe3 50.
Kf3 f4 51. Ke4 Kd6 52. b4 Bd2 53. b5 cxb5 54. cxb5 Kc5 55. Bd3 b6 56. Bf1 1/2-1/2

[Event "Late-Titled-Tuesday-Blitz-March-19-2024"]
[Site "Chess.com"]
[Date "2024.03.19"]
[Round "7"]
[White "jaramsdal"]
[Black "Aram7Adam"]
[Result "0-1"]
[WhiteElo "2288"]
[BlackElo "2452"]
[TimeControl "180+1"]
[EndTime "15:14:02 PDT"]
[Termination "Aram7Adam won by resignation"]

1. Nf3 d5 2. g3 Nc6 3. Bg2 e5 4. O-O e4 5. Ne1 Nf6 6. d3 Bf5 7. Bg5 h6 8. Bxf6 Qxf6 9. c3 O-O-O 10. Qa4 h5 11. dxe4 dxe4 12. Bxe4 Bxe4 13. Qxe4 h4 14.
g4 Kb8 15. Nd3 Bd6 16. Qf5 Qe7 17. Qf3 h3 18. Nd2 Ne5 19. Nxe5 Qxe5 20. Qg3 Qxe2 21. Qe3 Qxg4+ 0-1